 Dungeon Crawl Stone Soup version 0.13.0-18-g7b03ea5 (webtiles) character file.

319 Lilouch the Cudgeler (level 5, -2/33 HPs)
             Began as a Gargoyle Fighter on Oct 22, 2013.
             Killed by divine providence
             ... invoked by an orc priest
              (17 damage)
             ... on Level 3 of the Dungeon.
             The game lasted 00:07:52 (1741 turns).

Lilouch the Cudgeler (Gargoyle Fighter)             Turns: 1741, Time: 00:07:52

HP  -2/33        AC 15     Str 21      XL: 5   Next: 40%
MP   4/4         EV  5     Int  8      God:
Gold 161         SH 18     Dex  9      Spells:  0 memorised,  4 levels left

Res.Fire  : . . .   See Invis. : .   a - +0,-2 mace
Res.Cold  : . . .   Warding    : .   m - +2 chain mail
Life Prot.: + . .   Conserve   : .   c - +0 shield
Res.Poison: +       Res.Corr.  : .   (no helmet)
Res.Elec. : +       Clarity    : .   (no cloak)
Sust.Abil.: . .     Spirit.Shd : .   (no gloves)
Res.Mut.  : .       Stasis     : .   (no boots)
Res.Rott. : +       Flight     : .   (no amulet)
Saprovore : . . .                    (no ring)
                                     (no ring)

@: slightly resistant to hostile enchantments, extremely unstealthy
A: fangs 1, talons 2, life protection 1, electricity resistance, slow metabolism
1, unbreathing, petrification resistance, AC +4
a: no special abilities


You were on level 3 of the Dungeon.
You were not hungry.

You visited 1 branch of the dungeon, and saw 3 of its levels.

You collected 141 gold pieces.

Inventory:

Hand weapons
 a - a +0,-2 mace (weapon)
Missiles
 e - 15 poisoned needles
Armour
 b - a cursed +0 helmet
 c - a +0 shield (worn)
 g - a +0 pair of gloves
 m - a +2 chain mail (worn)
Comestibles
 d - 3 bread rations
 i - 3 meat rations
 l - 2 pears
Scrolls
 f - 2 scrolls of enchant weapon II {unknown}
 h - a scroll of noise {unknown}
 j - 3 scrolls of identify {unknown}
 k - a scroll of enchant armour {unknown}
 n - a scroll of teleportation {unknown}
 o - 2 scrolls of remove curse {unknown}
 p - a scroll of recharging {unknown}
 t - a scroll of enchant weapon I {unknown}
Jewellery
 s - an uncursed amulet of warding {unknown}
Potions
 q - a potion of slowing {unknown}
 r - a potion of paralysis {unknown}


   Skills:
 - Level 3.2 Fighting
 + Level 5.9 Maces & Flails
 - Level 3.2 Armour
 - Level 3.2 Shields


You had 4 spell levels left.
You didn't know any spells.

Dungeon Overview and Level Annotations

Branches:
Dungeon (3/27)

Altars:


Innate Abilities, Weirdness & Mutations

You are resistant to torment.
You are immune to poison.
Your stone body is very resilient (AC +4).
You have very sharp teeth.
You have razor-sharp toenails.
You resist negative energy.
You are resistant to electric shocks.
You have a slow metabolism.
You can survive without breathing.
You are immune to petrification.


Message History

The orc priest moves out of view.
Found 3 gold pieces. 2 orcs come into view.
The orc shouts!
The orc priest mumbles some strange prayers to Beogh against you.
Something smites you!
Your shield and chain mail prevent you from hitting the orc.
Your kick misses the orc. You block the orc's attack.
You closely miss the orc. The orc hits you.
You hit the orc. Your kick misses the orc. Your bite misses the orc.
The orc is severely wounded.
The orc barely misses you.
The orc priest calls upon Beogh to heal the orc.
The orc's wounds heal themselves!
You hit the orc.
You kill the orc!
The orc priest calls down the wrath of Beogh upon you.
Something smites you!
Ouch! That really hurt!
You die...

#.# #.#
#.......... . #.#
#...<...... #.#
#.......... #.#
#...####... #.#
#...# #... #.#
#...# #... #.#
#...# #... #.#
#...# #... #@#
#...# #...
#.#####.######...#
#.%.
#.....oo.........#
#..)
#...o....######..#
#... #........#
#..# #...
#.......(# #..#
#... #..$.....#
#..# #...
........# #..#
#... .......# #..#
#...


You could see an orc priest and an orc.

Vanquished Creatures
  A jelly (D:1)
  2 adders
  2 giant mites
  2 giant geckos
  7 oozes
  An orc (D:3)
  10 giant cockroaches
  6 goblins
  6 hobgoblins
  14 jackals
  3 kobolds
  A quokka (D:2)
  A ball python (D:2)
  5 bats
  4 giant newts
  11 rats
76 creatures vanquished.

Notes
Turn   | Place    | Note
--------------------------------------------------------------
     0 | D:1      | Lilouch, the Gargoyle Fighter, began the quest for the Orb.
     0 | D:1      | Reached XP level 1. HP: 14/14 MP: 0/0
     0 | D:1      | Noticed a jelly
    20 | D:1      | Reached XP level 2. HP: 13/19 MP: 1/1
    47 | D:1      | Reached XP level 3. HP: 15/24 MP: 2/2
    52 | D:1      | Killed a jelly
    52 | D:1      | Reached skill level 4 in Maces & Flails
    52 | D:1      | Reached XP level 4. HP: 18/28 MP: 3/3
   333 | D:1      | Reached skill level 5 in Maces & Flails
   877 | D:2      | Reached XP level 5. HP: 33/33 MP: 4/4
  1741 | D:3      | Killed from afar by an orc priest

Action                   |  1- 3 |  4- 6 || total
-------------------------+-------+-------++-------
Melee: Mace              |    48 |   171 ||   219
